Cogmind - Beta 16 @@@ ROGUE MODE // 2026.02.06 @ 16:31:02 Player: luckinvolved Result: Destroyed by H-61 Shepherd with Heavy Assault Cannon Performance ------------- Evolutions (3) 1500 Regions Visited (9) 1800 Robots Destroyed (36) 180 Value Destroyed (380) 380 Prototype IDs (26) 520 Alien Tech Used (0) 0 Bonus (875) 875 TOTAL SCORE: 5255 Bonus ------- Follower Combat Kills 75 Entered DSFs 500 Aligned with FarCom 300 Cogmind --------- Core Integrity 0/700 Matter 300/300 Energy 100/100 System Corruption 1% Temperature Cool (0) Movement Core (100) Ox1 Location -7/DSF Parts ------- > --- POWER (1) -------- (None) > --- PROPULSION (2) --- (None) > --- UTILITY (8) ------ Lightpack 2.0 Improved Signal Interpreter Terrain Scan Processor > --- WEAPON (2) ------- (None) > --- INVENTORY (40) --- Light Ion Engine Light Ion Engine Light Nuclear Core Machine Analyzer Terrain Scan Processor Improved Terrain Scan Processor Seismic Detector Seismic Detector Advanced ECM Suite Reaction Control System Minigun Rocket Launcher Heavy Missile Launcher Power Maul Power Maul Blade Saw Blade Saw Peak State ------------ > --- POWER ------------ Heavy Deuterium Engine > --- PROPULSION ------- (None) > --- UTILITY ---------- Lightpack 2.0 Advanced Weight Redist. System Terrain Scan Processor Transport Network Coupler Hacking Suite Corruption Screen > --- WEAPON ----------- Scythe > --- INVENTORY -------- Weight Redist. System Seismic Detector Seismic Detector Minigun Rocket Launcher Heavy Missile Launcher Power Maul [Rating: 52] Favorites ----------- Power Light Ion Engine Engine Light Ion Engine Power Core Light Nuclear Core Propulsion None Utility Terrain Scan Processor Device Weight Redist. System Storage Lightpack 2.0 Processor Terrain Scan Processor Hackware Hacking Suite Weapon Scythe Ballistic Gun Assault Rifle Launcher Heavy Missile Launcher Impact Weapon Power Maul Slashing Weapon Scythe Build | -11 -10 -10 -10 -9 -8 -7 -7 -7 -7 ------- Run | Yrd Mat Min Exi Min Mat Fac Was Fac DSF Slots Evolved 6 | . . . . . 4 2 . . . Power . | . . . . . . . . . . Propulsion . | . . . . . . . . . . Utility 6 | . . . . . 4 2 . . . Weapon . | . . . . . . . . . . Parts Attached 26 | 2 . . . 1 7 4 . 9 3 Power 6 | . . . . . . 2 . 2 2 Engine 5 | . . . . . . 2 . 1 2 Core 1 | . . . . . . . . 1 . Reactor . | . . . . . . . . . . Propulsion . | . . . . . . . . . . Treads . | . . . . . . . . . . Leg . | . . . . . . . . . . Wheel . | . . . . . . . . . . Hover . | . . . . . . . . . . Flight . | . . . . . . . . . . Utility 14 | 1 . . . 1 6 2 . 4 . Device 5 | 1 . . . . 2 1 . 1 . Storage 1 | . . . . . . 1 . . . Processor 7 | . . . . 1 3 . . 3 . Hackware 1 | . . . . . 1 . . . . Protection . | . . . . . . . . . . Artifact . | . . . . . . . . . . Weapon 6 | 1 . . . . 1 . . 3 1 Energy Gun . | . . . . . . . . . . Energy Cannon . | . . . . . . . . . . Ballistic Gun 2 | 1 . . . . . . . 1 . Ballistic Cannon . | . . . . . . . . . . Launcher 1 | . . . . . . . . . 1 Special Weapon . | . . . . . . . . . . Impact Weapon 2 | . . . . . . . . 2 . Slashing Weapon 1 | . . . . . 1 . . . . Piercing Weapon . | . . . . . . . . . . Special Melee Weapon . | . . . . . . . . . . Unidentified Prototypes 1 | . . . . . . 1 . . . Parts Lost 5 | . . . . . . . 2 . 3 Power 1 | . . . . . . . . . 1 Propulsion . | . . . . . . . . . . Utility 4 | . . . . . . . 2 . 2 Weapon . | . . . . . . . . . . Highest Loss Streak 3 | . . . . . . . 2 . 3 To Critical Strikes . | . . . . . . . . . . Average Backups 4 | . 1 1 1 2 2 6 9 9 14 Power . | . . . . . . . 1 1 2 Propulsion . | . . . . . . . . . . Utility 1 | . . . . 1 1 2 3 3 6 Weapon 2 | . 1 1 1 1 1 4 5 4 5 Tool/Special . | . . . . . . . . . . Unused Backups 10 | . . . . . 1 . . . 9 Power . | . . . . . . . . . . Propulsion . | . . . . . . . . . . Utility 6 | . . . . . . . . . 6 Weapon 4 | . . . . . 1 . . . 3 Tool/Special . | . . . . . . . . . . Average Slot Usage (%) 47 | . 28 28 28 33 55 57 43 51 32 Engine 1 | . . . . . . 4 3 2 1 Device 13 | . 14 14 14 14 22 7 4 6 2 Storage 2 | . . . . . . 6 7 7 7 Processor 17 | . . . . 5 20 23 16 28 19 Hackware 2 | . . . . . 3 7 3 . . Ballistic Gun 3 | . 14 14 14 14 2 . . 1 . Slashing Weapon 3 | . . . . . 6 5 4 . . Peak Build Rating 52 | 2 2 2 5 7 20 52 49 52 46 Average Rating 25 | 1 2 2 3 5 16 46 41 47 40 On Entrance 16 | . 2 2 2 5 7 19 49 35 46 Avg Prop Armor Cover (%) . | . . . . . . . . . . Naked Turns . | . . . . . . . . . . Heaviest Build 11 | 3 3 3 3 3 3 10 10 11 8 Greatest Support 12 | 3 3 3 3 3 9 12 12 9 9 Greatest Overweight (x) 3 | . . . . . . 2 2 3 1 Average Overweight (x) . | . . . . . . . . . . Largest Inventory Capacity 40 | 5 5 5 5 5 5 40 40 40 40 Average Capacity 19 | 5 5 5 5 5 5 39 40 40 40 Most Carried 17 | 1 1 1 4 4 5 9 9 14 17 Average Carried 5 | . 1 1 2 4 4 6 9 9 13 Final Capacity 40 | 5 5 5 5 5 5 40 40 40 40 Final Carried 17 | 1 1 1 4 4 5 9 9 14 17 Class Distribution -------------------- 52% | Mutant 42% | Hauler-Mutant 5% | Scavenger-Mutant Dominant Class ---------------- Mutant | -10/Materials Mutant | -10/Mines Mutant | -10/Exiles Mutant | -9/Mines Mutant | -8/Materials Hauler-Mutant | -7/Factory Hauler-Mutant | -7/Waste Hauler-Mutant | -7/Factory Hauler-Mutant | -7/DSF Resources | -11 -10 -10 -10 -9 -8 -7 -7 -7 -7 ----------- Run | Yrd Mat Min Exi Min Mat Fac Was Fac DSF Matter Collected 699 | 203 . . . 75 97 90 . 181 53 Remotely . | . . . . . . . . . . Salvage Created 1199 | 20 . . . . 393 423 . 286 77 Parts 77 | 4 . . . . 31 23 . 14 5 Haulers Intercepted 5 | . . . . . 4 1 . . . Recyclers Shooed 2 | . . . . . . . . 2 . Parts Field Recycled . | . . . . . . . . . . Retrieved Matter . | . . . . . . . . . . Parts Self-Destructed . | . . . . . . . . . . Prevented . | . . . . . . . . . . Parts Restored . | . . . . . . . . . . Kills | -11 -10 -10 -10 -9 -8 -7 -7 -7 -7 ------- Run | Yrd Mat Min Exi Min Mat Fac Was Fac DSF Combat Hostiles Destroyed 8 | . . . . . 4 1 . . 3 Melee 3 | . . . . . 2 1 . . . Guns 2 | . . . . . 2 . . . . AOE 3 | . . . . . . . . . 3 Classes Destroyed 12 | 1 . . . . 5 3 . 1 2 Worker 6 | . . . . . . 5 . 1 . Builder 5 | . . . . . 3 1 . 1 . Tunneler 3 | 1 . . . . . 1 . 1 . Hauler 5 | . . . . . 4 1 . . . Recycler 6 | . . . . . 1 2 . 3 . Mechanic 1 | . . . . . . . . 1 . Operator 1 | . . . . . 1 . . . . Watcher 1 | . . . . . . 1 . . . Swarmer 4 | . . . . . 4 . . . . Cutter 1 | . . . . . . . . . 1 Grunt 1 | . . . . . . 1 . . . Specialist 2 | . . . . . . . . . 2 Best Kill Streak 6 | 1 . . . . 4 6 . 3 3 Combat Bots Only 3 | . . . . . 2 1 . . 3 Max Kills in Single Turn 2 | 1 . . . . 1 1 . 1 2 Gunslinging . | . . . . . . . . . . Exploded 2 | . . . . . . . . . 2 Melee 1 | . . . . . 1 1 . . . Uniques/NPCs Destroyed . | . . . . . . . . . . Combat | -11 -10 -10 -10 -9 -8 -7 -7 -7 -7 -------- Run | Yrd Mat Min Exi Min Mat Fac Was Fac DSF Hostile Shots Fired 131 | . . . . 5 22 1 4 9 90 Missed 37 | . . . . 2 5 1 1 2 26 Hits 94 | . . . . 3 17 . 3 7 64 Melee 22 | . . . . . . . 3 . 19 Projectile 72 | . . . . 3 17 . . 7 45 AOE 3 | . . . . . . . . . 3 Critical Strikes 4 | . . . . . . . 1 . 3 Damage Taken 1351 | . . . . 24 156 . 137 55 979 Core 818 | . . . . 8 100 . 137 23 550 Absorbed by Shields 138 | . . . . . . . . . 138 Core Remaining (%) 92 | 100 . . . 96 81 . . . . Volleys Fired 40 | 10 3 . . 3 9 . . 13 2 Largest 1 | 1 1 . . 1 1 . . 1 1 Hottest 39 | 20 20 . . 20 20 . . 25 39 Shots Fired 40 | 10 3 . . 3 9 . . 13 2 Gun 38 | 10 3 . . 3 9 . . 13 . Cannon . | . . . . . . . . . . Launcher 2 | . . . . . . . . . 2 Special . | . . . . . . . . . . Kinetic 38 | 10 3 . . 3 9 . . 13 . Thermal . | . . . . . . . . . . Explosive 2 | . . . . . . . . . 2 Electromagnetic . | . . . . . . . . . . Robot Hit Streak 10 | 3 . . . 1 9 . . 10 . Robot Miss Streak 4 | 2 3 . . 4 . . . 2 1 Penetration Max . | . . . . . . . . . . Secondary Targets . | . . . . . . . . . . Shots Hit Robots 58 | 6 . . . 1 21 17 . 13 . Core Hits 29 | 1 . . . . 13 6 . 5 4 Critical Kills . | . . . . . . . . . . Critical Parts Destroyed . | . . . . . . . . . . Critical Strikes 2 | . . . . . 1 1 . . . Sever 2 | . . . . . 1 1 . . . Melee Attacks 53 | . . . . . 15 31 . 7 . Impact 7 | . . . . . . . . 7 . Slashing 46 | . . . . . 15 31 . . . Piercing . | . . . . . . . . . . Sneak Attacks 23 | . . . . . 7 12 . 4 . Combat Hostiles . | . . . . . . . . . . Follow-up Attacks . | . . . . . . . . . . Damage Inflicted 2589 | 87 . . . 13 744 953 . 566 226 Guns 367 | 87 . . . 13 118 . . 149 . Cannons . | . . . . . . . . . . Explosions 226 | . . . . . . . . . 226 Melee 1996 | . . . . . 626 953 . 417 . Ramming . | . . . . . . . . . . Kinetic 367 | 87 . . . 13 118 . . 149 . Thermal . | . . . . . . . . . . Explosive 226 | . . . . . . . . . 226 Electromagnetic . | . . . . . . . . . . Impact 417 | . . . . . . . . 417 . Slashing 1579 | . . . . . 626 953 . . . Piercing . | . . . . . . . . . . Highest Corruption 1 | . . . . . . . 1 1 1 Average Corruption 1 | . . . . . . . 1 1 1 Corruption Purged . | . . . . . . . . . . Corruption Blocked 8 | . . . . . . . 8 . . Effects 5 | . . . . . . . 1 3 1 Message Errors 2 | . . . . . . . . 2 . Matter Fused 1 | . . . . . . . . 1 . Data Loss (minor) 1 | . . . . . . . 1 . . Data Loss (major) 1 | . . . . . . . . . 1 Overload Shots . | . . . . . . . . . . Overflow Damage 459 | . . . . . 21 243 . 195 . Projectiles . | . . . . . . . . . . Explosions . | . . . . . . . . . . Melee 459 | . . . . . 21 243 . 195 . Knockbacks 1 | . . . . . . . . 1 . Impact 1 | . . . . . . . . 1 . Kinetic . | . . . . . . . . . . Secondary . | . . . . . . . . . . Self-Inflicted Damage 29 | . . . . . . . . . 29 Shots 1 | . . . . . . . . . 1 Rammed . | . . . . . . . . . . Targets Rammed . | . . . . . . . . . . Kicked . | . . . . . . . . . . Crushed . | . . . . . . . . . . Highest Temperature . | . . . . . . . . . . Average Temperature . | . . . . . . . . . . Received Heat Transfer 27 | . . . . . 9 . . 18 . Siege Activations . | . . . . . . . . . . Martial Activations . | . . . . . . . . . . Shielding Activations . | . . . . . . . . . . Robots Disrupted . | . . . . . . . . . . Combat Hostiles . | . . . . . . . . . . Robots Corrupted 1 | . . . . . . . . 1 . Combat Hostiles . | . . . . . . . . . . Parts Fried 2 | . . . . . . . . 2 . Impact Corruptions 6 | . . . . . . . . 6 . Robots Melted . | . . . . . . . . . . Combat Hostiles . | . . . . . . . . . . Parts Melted 1 | . . . . . 1 . . . . Heat Transferred . | . . . . . . . . . . Parts Sabotaged . | . . . . . . . . . . Parts Stolen . | . . . . . . . . . . Parts Stripped . | . . . . . . . . . . Power Chain Reactions . | . . . . . . . . . . Alert | -11 -10 -10 -10 -9 -8 -7 -7 -7 -7 ------- Run | Yrd Mat Min Exi Min Mat Fac Was Fac DSF Maximum Alert Level . | . . . . . . . . . . Low Security (%) 100 | 100 100 100 . 100 100 100 100 100 100 Level 1 . | . . . . . . . . . . Level 2 . | . . . . . . . . . . Level 3 . | . . . . . . . . . . Level 4 . | . . . . . . . . . . Level 5 . | . . . . . . . . . . High Security . | . . . . . . . . . . Max Security . | . . . . . . . . . . Peak Influence 123 | 5 19 . . 81 123 22 5 20 98 Initial 5 | . . . . . 3 . 5 . 3 Average 22 | . 3 . . 48 44 2 1 1 42 Influence Increases 746 | 5 29 . . 81 322 128 . 58 123 Destroy 0b10 Robot/C 300 | . . . . 60 160 20 . . 60 Destroy 0b10 Robot/NC 140 | 5 . . . . 45 55 . 35 . Destroy Leader 52 | . . . . 10 38 4 . . . Allied During Kill 40 | . . . . 11 27 2 . . . Successful Hack 63 | . 14 . . . 34 10 . 5 . Disable Machine 15 | . . . . . . . . . 15 Destroy Structure 31 | . . . . . 3 7 . 3 18 Partial Spotted 30 | . 15 . . . 15 . . . . Lose Combat Pursuer 75 | . . . . . . 30 . 15 30 Influence Decreases 648 | 5 29 . . 70 333 113 15 53 30 Entered New Map 20 | . . . . . 8 . 10 . 2 Time Decay 580 | 5 29 . . 70 325 93 5 53 . Lost Part 28 | . . . . . . . . . 28 Lost Ally 20 | . . . . . . 20 . . . Squads Dispatched 4 | . 1 . . . . 1 . 1 1 Investigation . | . . . . . . . . . . Extermination 1 | . . . . . . . . 1 . Reinforcement 3 | . 1 . . . . 1 . . 1 Assault . | . . . . . . . . . . Garrison . | . . . . . . . . . . Intercept . | . . . . . . . . . . Searches Triggered . | . . . . . . . . . . Construction Impeded . | . . . . . . . . . . Haulers Reinforced . | . . . . . . . . . . Active Scanning Responses . | . . . . . . . . . . Cargo Convoy Interrupts . | . . . . . . . . . . Stealth | -11 -10 -10 -10 -9 -8 -7 -7 -7 -7 --------- Run | Yrd Mat Min Exi Min Mat Fac Was Fac DSF Distress Signals 2 | . 1 . . . . 1 . . . Communications Jammed . | . . . . . . . . . . Distress Signals . | . . . . . . . . . . Times Spotted 41 | . 5 . . 3 8 11 6 2 6 Peak Tracking Total 6 | . 5 . . 1 4 5 6 1 6 Tactical Retreats 7 | . . . . . . 3 1 1 2 Traps | -11 -10 -10 -10 -9 -8 -7 -7 -7 -7 ------- Run | Yrd Mat Min Exi Min Mat Fac Was Fac DSF Traps Triggered 5 | . . . . . . 1 . . 4 Indirectly . | . . . . . . . . . . Trap Hack Attempts . | . . . . . . . . . . Triggered . | . . . . . . . . . . Disarmed . | . . . . . . . . . . Reprogrammed . | . . . . . . . . . . Reused . | . . . . . . . . . . Traps Extracted . | . . . . . . . . . . Installed . | . . . . . . . . . . Triggered . | . . . . . . . . . . Machines | -11 -10 -10 -10 -9 -8 -7 -7 -7 -7 ---------- Run | Yrd Mat Min Exi Min Mat Fac Was Fac DSF Machines Disabled 1 | . . . . . . . . . 1 Max in Single Turn 1 | . . . . . . . . . 1 Garrison Access 1 | . . . . . . 1 . . . Machines Repaired . | . . . . . . . . . . Machines Dismantled . | . . . . . . . . . . Machines Sabotaged . | . . . . . . . . . . Overloaded Fab Kills . | . . . . . . . . . . Hacking | -11 -10 -10 -10 -9 -8 -7 -7 -7 -7 --------- Run | Yrd Mat Min Exi Min Mat Fac Was Fac DSF Machines Accessed 16 | . 3 . 1 . 6 3 . 3 . Terminals 13 | . 3 . . . 6 2 . 2 . Fabricators 1 | . . . . . . . . 1 . Repair Stations . | . . . . . . . . . . Recycling Units . | . . . . . . . . . . Scanalyzers . | . . . . . . . . . . Garrison Access 1 | . . . . . . 1 . . . Total Hacks 34 | . 8 . 1 . 13 7 . 5 . Successful 17 | . 4 . 1 . 6 4 . 2 . Failed 17 | . 4 . . . 7 3 . 3 . Catastrophic 4 | . . . . . 1 2 . 1 . Database Lockouts . | . . . . . . . . . . Manual 24 | . 8 . 1 . 10 5 . . . Terminals 29 | . 8 . . . 13 6 . 2 . Fabricators 3 | . . . . . . . . 3 . Repair Stations . | . . . . . . . . . . Recycling Units . | . . . . . . . . . . Scanalyzers . | . . . . . . . . . . Garrison Access 1 | . . . . . . 1 . . . Terminal Hacks 7 | . 1 . 1 . 3 1 . 1 . Prototype ID Bank 1 | . . . . . 1 . . . . Open DSF 1 | . . . . . . . . 1 . Level Access Points 1 | . . . . . 1 . . . . Terminal Index 2 | . 1 . . . . 1 . . . Hauler Manifests 1 | . . . . . 1 . . . . Proto ID Catalog 1 | . . . 1 . . . . . . Fabricator Hacks 1 | . . . . . . . . 1 . Network Status 1 | . . . . . . . . 1 . Repair Station Hacks . | . . . . . . . . . . Recycling Unit Hacks . | . . . . . . . . . . Scanalyzer . | . . . . . . . . . . Garrison Access Hacks 1 | . . . . . . 1 . . . Seal Access 1 | . . . . . . 1 . . . Unauthorized Hacks 8 | . 3 . . . 3 2 . . . Terminals 8 | . 3 . . . 3 2 . . . Botnet 3 | . . . . . 2 1 . . . Operators 2 | . . . . . 1 1 . . . Skim 3 | . 3 . . . . . . . . Fabricators . | . . . . . . . . . . Repair Stations . | . . . . . . . . . . Recycling Units . | . . . . . . . . . . Scanalyzers . | . . . . . . . . . . Garrison Access . | . . . . . . . . . . Data Cores Recovered 1 | . . . . . 1 . . . . Used 1 | . . . . . 1 . . . . Hacking Detections 12 | . 3 . . . 5 2 . 2 . Full Trace Events . | . . . . . . . . . . Feedback Events . | . . . . . . . . . . Feedback Blocked . | . . . . . . . . . . Robot Schematics Acquired . | . . . . . . . . . . Robots Built . | . . . . . . . . . . Authchips . | . . . . . . . . . . Time . | . . . . . . . . . . Total Robot Build Rating . | . . . . . . . . . . Part Schematics Acquired . | . . . . . . . . . . Parts Built . | . . . . . . . . . . Authchips . | . . . . . . . . . . Time . | . . . . . . . . . . Total Part Build Rating . | . . . . . . . . . . Part Studies Acquired . | . . . . . . . . . . Parts Repaired . | . . . . . . . . . . Time . | . . . . . . . . . . Parts Recycled . | . . . . . . . . . . Recycled Matter . | . . . . . . . . . . Retrieved Matter . | . . . . . . . . . . Retrieved Components . | . . . . . . . . . . Parts Scanalyzed . | . . . . . . . . . . Part Schematics Acquired . | . . . . . . . . . . Parts Damaged . | . . . . . . . . . . Bothacking | -11 -10 -10 -10 -9 -8 -7 -7 -7 -7 ------------ Run | Yrd Mat Min Exi Min Mat Fac Was Fac DSF Used RIF Installer . | . . . . . . . . . . Robots Hacked . | . . . . . . . . . . Non-combat . | . . . . . . . . . . Combat . | . . . . . . . . . . Robot Hacks Applied . | . . . . . . . . . . Relay Couplers Released . | . . . . . . . . . . Fabnet Peak Effective % . | . . . . . . . . . . Robots Rewired . | . . . . . . . . . . Allies Hacked . | . . . . . . . . . . Hacks Repelled . | . . . . . . . . . . Allies | -11 -10 -10 -10 -9 -8 -7 -7 -7 -7 -------- Run | Yrd Mat Min Exi Min Mat Fac Was Fac DSF Total Allies 3 | . . 3 . . . . . . . Largest Group 3 | . . 3 3 3 3 2 . . . Highest-Rated Group 40 | . . 40 40 40 40 32 . . . Highest-Rated Ally 16 | . . 16 16 16 16 16 . . . Total Orders . | . . . . . . . . . . Ally Attacks 41 | . . . . 7 23 11 . . . Total Damage 443 | . . . . 70 273 100 . . . Kills 9 | . . . . 3 5 1 . . . Allies Corrupted . | . . . . . . . . . . Allies Melted . | . . . . . . . . . . Intel | -11 -10 -10 -10 -9 -8 -7 -7 -7 -7 ------- Run | Yrd Mat Min Exi Min Mat Fac Was Fac DSF Active Infowar (turns) 2372 | 11 155 67 158 141 870 533 76 330 31 Seismic 1407 | 11 155 67 158 141 870 5 . . . T.N.C. 1091 | . . . . . 121 533 76 330 31 Robot Analysis Total . | . . . . . . . . . . Derelict Logs Recovered 2 | . . 1 . 1 . . . . . Drone Launches . | . . . . . . . . . . Drone Recoveries . | . . . . . . . . . . Exploration | -11 -10 -10 -10 -9 -8 -7 -7 -7 -7 ------------- Run | Yrd Mat Min Exi Min Mat Fac Was Fac DSF Turns Passed 2494 | 49 155 67 158 141 870 533 76 330 115 Spaces Moved 2762 | 50 207 74 210 185 754 692 117 366 107 Core 2762 | 50 207 74 210 185 754 692 117 366 107 Treads . | . . . . . . . . . . Legs . | . . . . . . . . . . Wheels . | . . . . . . . . . . Hover . | . . . . . . . . . . Flight . | . . . . . . . . . . Fastest Speed 50 | 50 50 50 50 50 50 50 50 50 50 Average Speed 54 | 50 50 50 50 50 50 52 64 66 73 Slowest Speed 200 | 50 50 50 50 50 50 150 150 200 100 Overloaded Moves . | . . . . . . . . . . Propulsion Burnouts . | . . . . . . . . . . Robots Hopped . | . . . . . . . . . . Potential Cave-ins . | . . . . . . . . . . Cave-ins Triggered . | . . . . . . . . . . Exploration Rate (%) 35 | 4 38 15 60 41 37 16 82 13 52 Regions Visited 9 Branch Regions 3 Pre-discovered Areas . | . . . . . . . . . . Known Exits Taken 2 | . . . . . 1 . . 1 . Unknown Exits Taken 5 | 1 1 1 1 1 . . . . . Scrap Searched 1 | . . . . 1 . . . . . Spaces Dug 12 | . . . . . 3 7 . 2 . Terrain Destroyed 36 | . . . . . 3 7 . 2 24 Melee 12 | . . . . . 3 7 . 2 . Projectile . | . . . . . . . . . . AOE 24 | . . . . . . . . . 24 Terrain Rammed . | . . . . . . . . . . Walls Destroyed . | . . . . . . . . . . Machines Disabled . | . . . . . . . . . . Actions | -11 -10 -10 -10 -9 -8 -7 -7 -7 -7 --------- Run | Yrd Mat Min Exi Min Mat Fac Was Fac DSF Total 3632 | 62 254 103 262 229 1214 820 117 430 141 Wait 680 | . 45 30 52 41 420 74 . 18 . Move 2754 | 49 206 73 209 184 753 692 116 365 107 Hop . | . . . . . . . . . . Pick Up 25 | 1 . . 1 . 5 7 . 6 5 Fast Attach 15 | 2 . . . 1 5 1 1 5 . Attach 18 | . . . . . 2 6 . 7 3 Detach 15 | . . . . . 1 5 . 8 1 Swap 2 | . . . . . . 2 . . . Drop 7 | . . . . . 4 2 . 1 . Fire 40 | 10 3 . . 3 9 . . 13 2 Melee 53 | . . . . . 15 31 . 7 . Ram . | . . . . . . . . . . Kick . | . . . . . . . . . . Crush . | . . . . . . . . . . Escape Stasis 23 | . . . . . . . . . 23 Rewire . | . . . . . . . . . . Trap . | . . . . . . . . . . Miscellaneous . | . . . . . . . . . . Route ------- -11/Scrapyard -10/Materials -10/Mines -10/Exiles -9/Mines -8/Materials (discovered 5 exits: *Fac x3 / [*Sto x2]) -7/Factory -7/Waste -7/Factory -7/DSF History --------- Turn | Location | Event 4 | -11/Scrapyard | Discovered new exit (range 15) 50 | -11/Scrapyard | Entered Materials 128 | -10/Materials | Discovered new exit (range 13) 205 | -10/Materials | Entered Mines 207 | -10/Mines | Assisted by bots powering up and referring to "LRC-V3" 232 | -10/Mines | Learned 2 Materials zone layouts 242 | -10/Mines | Deemed a non-threat by the Exiles lab entrance 242 | -10/Mines | Discovered new exit (range 5) 272 | -10/Mines | Entered Exiles 272 | -10/Exiles | Accompanied by 3 allies 285 | -10/Exiles | Met 8R-AWN 294 | -10/Exiles | Met EX-HEX 307 | -10/Exiles | Build established: Mutant 307 | -10/Exiles | Met EX-BIN 313 | -10/Exiles | Aligned with FarCom system 314 | -10/Exiles | Given EX-Vault access code 327 | -10/Exiles | Opened EX-Vault 331 | -10/Exiles | Found Lightpack 2.0 341 | -10/Exiles | Warned to stay clear of 0b10 Research branches 356 | -10/Exiles | Met EX-DEC 374 | -10/Exiles | Discovered new exit (range 10) 430 | -10/Exiles | Left Exiles lab with Lightpack 2.0 430 | -10/Exiles | Entered Mines 430 | -9/Mines | Accompanied by 3 allies 506 | -9/Mines | Learned Materials emergency access door positions 526 | -9/Mines | Discovered new exit (range 9) 571 | -9/Mines | Entered Materials 571 | -8/Materials | Accompanied by 3 allies 571 | -8/Materials | Evolved 4 slots: Utility x4 687 | -8/Materials | Discovered new exit (range 12) 813 | -8/Materials | Identified exit to Factory 822 | -8/Materials | Discovered new exit (range 15) 1441 | -8/Materials | Entered Factory 1441 | -7/Factory | Accompanied by 2 allies 1441 | -7/Factory | Evolved 2 slots: Utility x2 1643 | -7/Factory | Assembled infested Garrison Access 1749 | -7/Factory | Build established: Hauler-Mutant 1897 | -7/Factory | Discovered new exit (range 9) 1974 | -7/Factory | Sucked down chute 1974 | -7/Factory | Entered Waste 1982 | -7/Waste | Spotted C-40 Crusher 1983 | -7/Waste | Spotted C-40 Crusher 1989 | -7/Waste | EMP discharged 2009 | -7/Waste | Spotted C-40 Crusher 2010 | -7/Waste | Spotted C-40 Crusher 2014 | -7/Waste | Spotted C-40 Crusher 2017 | -7/Waste | Crushed by Compactor (1 part destroyed, 2 dropped) 2020 | -7/Waste | Crushed by Compactor (1 part destroyed, 1 dropped) 2022 | -7/Waste | Spotted C-40 Crusher 2039 | -7/Waste | Discovered new exit (range 11) 2050 | -7/Waste | Entered Factory 2380 | -7/Factory | Identified exit to DSF 2380 | -7/Factory | Entered DSF 2396 | -7/DSF | Additional patrols routed to DSF 2413 | -7/DSF | Core integrity fell below 50% 2443 | -7/DSF | Core integrity fell below 20% 2458 | -7/DSF | Lost 3 parts (1p2u) 2495 | -7/DSF | Destroyed by H-61 Shepherd with Heavy Assault Cannon Last Messages --------------- 02427_ Field strength at 70. 02427_ Weight Redist. System destroyed. 02428_ Field strength at 57. 02429_ Field strength at 40. 02430_ Field strength at 34. 02431_ Field strength at 28. 02431_ C-17 Slicer destroyed. 02432_ Field strength at 10. 02433_ Field strength at 4. 02434_ Stasis field depleted. 02437_ Acquired Reaction Control System. 02448_ C-17 Slicer destroyed. 02450_ X-57 Shotgunner destroyed. 02450_ Matter Repository disabled. 02455_ The unstable cave ceiling collapses. 02459_ Acquired 34 matter. 02467_ Acquired Blade Saw. 02472_ System corrupted: Substantial component data lost. 02472_ Acquired Lgt. Ion Engine. 02475_ Acquired 19 matter. Map ----- +----------------------------------------------------+ | ????????? #???????????????????????????????????? | | ????????? ???????????????????????????????????? | | ????????? ???????????????????????????????????? | | ????????? ???????????????????????????????????? | | ??????### #??????????????????????????#####????? | | ??????#!! #?????????????????????????# #????? | | ??????#!! ##???????????????????????## #????? | | ??????# ???????????????????????? ?????? | | ??????? ??????????? H ??????????? ?????? | | ??????? ?????????? ?????????? ?????? | | ???????? #?????????? ??????????# ??????? | | ???????? #??????????# a#??????????# ??????? | | ???????## ###???????## ##???????### ##?????? | | ???????# !!#???????!! !!???????# ]#?????? | | ???????# #????????! !????????# ]#?????? | | ???????# !!#????????! !????????? ]#?????? | | ???????## ###??????### ###??????### %##?????? | | ???????# !#??????#!! ==#??????#[[ #?????? | | ???????# !!#??????#!! ==#??#####[[%= #?????? | | ???????## ##########!! ==#### ### ##?????? | | ??????### ###!!#!!!#?# ;?# # ###????? | | ????###"" ##!!#!!!### ### ""##???? | | ???#""""" [ =* """""??? | | ???#"##"" [ %[ =%= ""##"??? | | ??????#"""""##!!# #[ [ # [[ """#????? | | ??????#"""""#########[[@ [[##### " """#????? | | ??????####"##???????#########?? ##" ###????? | | ?????????#"#??????????????????### ####"##??????? | | ?????????""#????????????????????###??#""???????? | | ?????????##???????????????????????????##???????? | | ???????????????????????????????????????????????? | | ???????????????????????????????????????????????? | | ???????????????????????????????????????????????? | | ???????????????????????????????????????????????? | | | | | | | | | | | | | | | | | | | | | | | | | | | | | | | | | +----------------------------------------------------+ Best States ------------- Heat Dissipation 34 Energy Generation 14 Energy Capacity 160 Matter Stores 300 Matter Capacity 300 Sight Range 16 Terrain Scan Density 160 Additional Mass Support 9 Corruption Block 8 Evasion (%) 50 Melee Accuracy 12 Offensive Hacking 10 Item Schematics ----------------- None Robot Schematics ------------------ None Fabricated ------------ Nothing Repaired ---------- Nothing Studied --------- None Alien Tech Used ----------------- None Achievements -------------- None Challenges ------------ None Game ------ Seed PitchforkTractorArchive Manual? 0 Play Time 00:25:12 Cumulative 188.9 hours Start 2026.02.06 @ 16:04:56 End 2026.02.06 @ 16:31:02 Sessions 3 Manual Loads 0 Difficulty Rogue Special Mode None Game No. 219 Rogue 214 Adventurer 5 Explorer 0 Win Type - Total 6 Types 5/0/0/1/0/0/0/0/0/0 Lore% 56 Gallery% 66 Achievement% 55 Wizard Run 0 Options --------- Layout 0 ASCII 0 Keyboard 1 Movement Vi Keybinds 0 Fullscreen 1 Font 24/Smallcaps Map View 76x50 Zoom Use 0% Tactical HUD 1 Map Filters NONE Filters NONE Steam 1 RUN: 48f79469-7c47-4de8-a47d-59651a53d3d0